 Dungeon Crawl Stone Soup version 0.32-a0-898-g7811c86cf0 (webtiles) character file.

Game seed: 5136622376290465124

973666 pokedragonboy the Plane Slitherer (level 27, 0/281 (298) HPs)
             Began as a Naga Warper on Apr 3, 2024.
             Was the Champion of Cheibriados.
             Slain by the Serpent of Hell (6 damage)
             ... on level 7 of Gehenna on Apr 5, 2024.
             The game lasted 11:39:50 (132330 turns).

pokedragonboy the Plane Slitherer (Naga Warper)   Turns: 132330, Time: 11:39:54

HP:   0/281 (298)   AC: 39    Str: 43    XL:     27
MP:   21/54         EV: 13    Int: 34    God:    Cheibriados [******]
Gold: 5893          SH: 23    Dex: 31    Spells: 5/80 levels left

rFire   + + .        a - +7 broad axe "Jiaheuja" {freeze, rN++ Str+3}
rCold   + + +        B - +2 tower shield {rC+}
rNeg    + + .        L - +11 storm dragon scales of Untold Secrets {Fly rElec Will+ Dex+2}
rPois   +            k - +1 hat of Qazlal's Supremacy {rC+}
rElec   +            y - scarf {rC+ rF+}
rCorr   +            S - +2 pair of gloves
SInv    +            d - +4 barding "Giurim" {Fly rPois Str+4 SInv}
Will    +++++        v - amulet of Vitality {Regen++ RegenMP++} Stlth
                     F - ring "Xoyd" {rCorr EV+5 Str+2}
HPRegen 2.26/turn    V - ring of protection from fire
MPRegen 1.14/turn

%: no passive effects
@: death channelling, weakened, fugue, forested, flying, studying Maces &
Flails, drained, unable to read, very slow
A: AC +9, large, see invisible, deformed body, poison resistance, slowness 2,
spit poison 1, naga tail 2, strong-willed 1
}: 8/15 runes: decaying, slimy, silver, iron, icy, bone, abyssal, gossamer
a: Spit Poison, Renounce Religion, Bend Time, Temporal Distortion, Slouch, Step
From Time


You were on level 7 of Gehenna.
You worshipped Cheibriados.
Cheibriados was exalted by your worship.
You visited 17 branches of the dungeon, and saw 84 of its levels.
You visited the Abyss 2 times.
You also visited: Gauntlet, Ice Cave, Wizlab and Desolation.

You collected 11672 gold pieces.
You spent 5779 gold pieces at shops.

Inventory:

Hand Weapons
 a - the +7 broad axe "Jiaheuja" (weapon) {freeze, rN++ Str+3}
   (You found it on level 5 of the Pits of Slime)

   Str+3:     It affects your strength (+3).
   rN++:      It greatly protects you from negative energy.
 b - the +4 demon trident "Jaschu Degg" {venom, rElec rCorr}
   (You took it off a tengu warrior on level 2 of the Depths)

   rElec:     It insulates you from electricity.
   rCorr:     It protects you from acid and corrosion.
 c - the +5 broad axe of the Genius {spect, rElec Will- Str+2}
   (You found it in the Desolation of Salt)

   Str+2:     It affects your strength (+2).
   rElec:     It insulates you from electricity.
   Will-:     It decreases your willpower.
Armour
 d - the +4 barding "Giurim" (worn) {Fly rPois Str+4 SInv}
   (You acquired it on level 1 of the Depths)

   Str+4:     It affects your strength (+4).
   rPois:     It protects you from poison.
   SInv:      It lets you see invisible.
   Fly:       It grants you flight.
 k - the +1 hat of Qazlal's Supremacy (worn) {rC+}
   (You found it on level 4 of the Spider Nest)

   rC+:       It protects you from cold.
 y - a scarf of resistance (worn)
 B - a +2 tower shield of cold resistance (worn)
 L - the +11 storm dragon scales of Untold Secrets (worn) {Fly rElec Will+ Dex+2}
   (You found it on level 5 of the Pits of Slime)

   Dex+2:     It affects your dexterity (+2).
   rElec:     It insulates you from electricity.
   Will+:     It increases your willpower.
   Fly:       It grants you flight.
 S - a +2 pair of gloves (worn)
Jewellery
 v - the amulet of Vitality (around neck) {Regen++ RegenMP++}
   (You took it off a mummy priest on level 2 of the Depths)

   [amulet of nothing]

   Regen++:   It increases your rate of health regeneration.
   RegenMP++: It increases your rate of magic regeneration.
 E - the ring "Ystuta" {*Slow rC+ Will+++ Int-4 Stlth+}
   (You found it in a Gauntlet)

   [ring of protection from cold]

   Int-4:     It affects your intelligence (-4).
   rC+:       It protects you from cold.
   Will+++:   It greatly increases your willpower.
   *Slow:     It may slow you when you take damage.
   Stlth+:    It makes you more stealthy.
 F - the ring "Xoyd" (left hand) {rCorr EV+5 Str+2}
   (You found it in the Desolation of Salt)

   [ring of evasion]

   EV+5:      It affects your evasion (+5).
   Str+2:     It affects your strength (+2).
   rCorr:     It protects you from acid and corrosion.
 R - the macabre finger necklace {Finger+ rN+}
   (You found it on level 2 of the Depths)

   [amulet of nothing]

   Finger+:   It enables you to equip an extra ring.
   rN+:       It protects you from negative energy.
 V - a ring of protection from fire (right hand)
Wands
 j - a wand of digging (20)
 o - a wand of warping (67)
 p - a wand of polymorph (8)
 s - a wand of quicksilver (77)
 C - a wand of mindburst (18)
 K - a wand of charming (28)
Scrolls
 e - 15 scrolls of fear
 g - 8 scrolls of torment
 n - 10 scrolls of immolation
 q - 4 scrolls of silence
 w - 12 scrolls of vulnerability
 D - 23 scrolls of teleportation
 G - 5 scrolls of revelation
 I - 3 scrolls of noise
 O - a scroll of blinking
 X - 3 scrolls of summoning
 Y - 5 scrolls of fog
Potions
 f - 13 potions of mutation
 i - 11 potions of enlightenment
 l - 3 potions of resistance
 m - 7 potions of curing
 r - 2 potions of heal wounds
 x - a potion of magic
 z - 4 potions of berserk rage
 A - 6 potions of invisibility
 H - 9 potions of lignification
 J - a potion of might
 P - 8 potions of brilliance
 Q - a potion of ambrosia
 W - 4 potions of cancellation
 Z - 6 potions of attraction
Miscellaneous
 h - the horn of Geryon


   Skills:
 O Level 27 Fighting
 O Level 27 Axes
 - Level 0.8 Throwing
 - Level 4.1 Armour
 - Level 5.0 Dodging
 - Level 10.0 Shields
 O Level 27 Spellcasting
 - Level 5.0 Conjurations
 - Level 10.0 Summonings
 * Level 17.7 Necromancy
 O Level 27 Translocations
 - Level 2.0 Air Magic
 + Level 20.0 Invocations


You had 5 spell levels left.
You knew the following spells:

 Your Spells              Type           Power      Damage    Failure   Level
a - Manifold Assault      Tloc           62%        N/A       1%          7
c - Vhi's Electric Charg  Tloc/Air       100%       N/A       1%          4
d - Maxwell's Portable P  Tloc           100%       2d(15-43) 0%          3
f - Fugue of the Fallen   Necr           100%       N/A       0%          3
g - Gell's Gavotte        Tloc           62%        2d(39-58) 0%          6
j - Teleport Other        Tloc           100%       N/A       0%          3
k - Dispersal             Tloc           62%        N/A       0%          6
l - Lesser Beckoning      Tloc           100%       N/A       0%          2
n - Blink                 Tloc           100%       N/A       0%          2
o - Borgnjor's Revivific  Necr           52%        N/A       14%         8
p - Passage of Golubria   Tloc           100%       N/A       0%          4
q - Disjunction           Tloc           62%        N/A       1%          8
r - Anguish               Hex/Necr       41%        N/A       1%          4
t - Summon Forest         Summ/Tloc      53%        N/A       1%          5
w - Death Channel         Necr           52%        N/A       1%          6
y - Martyr's Knell        Necr/Summ      96%        N/A       1%          4

Your spell library contained the following spells:

 Spells                   Type           Power      Damage    Failure   Level
 Apportation              Tloc           100%       N/A       0%          1
 Necrotise                Necr           100%       1d9       0%          1
 Vampiric Draining        Necr           100%       2d13      0%          3
 Kiss of Death            Conj/Necr      100%       2d13      1%          1
 Magic Dart               Conj           100%       1d8       1%          1
 Shock                    Conj/Air       100%       1d9       1%          1
 Sting                    Conj/Alch      100%       1d9       1%          1
 Summon Small Mammal      Summ           100%       N/A       1%          1
 Cigotuvi's Dreadful Rot  Necr/Alch/Air  100%       N/A       1%          2
 Searing Ray              Conj           100%       2d8       1%          2
 Static Discharge         Conj/Air       100%       3-8/arc   1%          2
 Call Canine Familiar     Summ           85%        N/A       1%          3
 Summon Ice Beast         Ice/Summ       68%        N/A       1%          3
 Animate Dead             Necr           100%       N/A       1%          4
 Dimensional Bullseye     Hex/Tloc       47%        N/A       1%          4
 Dispel Undead            Necr           100%       3d31      1%          4
 Curse of Agony           Necr           100%       N/A       1%          5
 Summon Lightning Spire   Summ/Air       72%        N/A       2%          4
 Borgnjor's Vile Clutch   Necr/Erth      41%        N/A       2%          5
 Freeze                   Ice            100%       1d10      3%          1
 Sandblast                Erth           90%        2d19      3%          1
 Slow                     Hex            100%       N/A       3%          1
 Mercury Vapours          Alch/Air       100%       N/A       3%          2
 Dazzling Flash           Conj/Hex       100%       N/A       3%          3
 Hailstorm                Conj/Ice       58%        3d11      3%          3
 Mephitic Cloud           Conj/Alch/Air  58%        N/A       3%          3
 Stone Arrow              Conj/Erth      100%       3d13      3%          3
 Ensorcelled Hibernation  Hex/Ice        90%        N/A       4%          2
 Jinxbite                 Hex            90%        N/A       4%          2
 Swiftness                Air            56%        N/A       4%          3
 Animate Armour           Summ/Erth      100%       N/A       4%          4
 Summon Blazeheart Golem  Fire/Summ      68%        N/A       4%          4
 Confusing Touch          Hex            45%        N/A       10%         3
 Frozen Ramparts          Ice            90%        1d14      10%         3
 Inner Flame              Hex/Fire       45%        N/A       10%         3
 Passwall                 Erth           45%        N/A       10%         3
 Sigil of Binding         Hex            45%        N/A       10%         3
 Tukima's Dance           Hex            45%        N/A       10%         3
 Brom's Barrelling Bould  Conj/Erth      58%        2d7       11%         4
 Flame Wave               Conj/Fire      58%        2d14      11%         4
 Fulminant Prism          Conj/Alch      29%        3d14      11%         4
 Iskenderun's Battlesphe  Conj           68%        2d12      11%         5
 Summon Mana Viper        Hex/Summ       68%        N/A       11%         5
 Airstrike                Air            28%        2d(4-20)  14%         4
 Arcjolt                  Conj/Air       31%        1d41      21%         5
 Cause Fear               Hex            22%        N/A       30%         4
 Ignite Poison            Fire/Alch      45%        N/A       30%         4
 Leda's Liquefaction      Alch/Erth      22%        N/A       30%         4
 Olgreb's Toxic Radiance  Alch           45%        N/A       30%         4
 Petrify                  Alch/Erth      45%        N/A       30%         4
 Sticky Flame             Fire/Alch      45%        2d9       30%         4
 Fireball                 Conj/Fire      29%        3d13      30%         5
 Irradiate                Conj/Alch      29%        3d21      30%         5
 Freezing Cloud           Conj/Ice/Air   29%        6-21      34%         5
 Silence                  Hex/Air        25%        N/A       50%         5
 Alistair's Intoxication  Alch           30%        N/A       65%         5
 Yara's Violent Unravell  Hex/Alch       22%        3d10      65%         5
 Malign Gateway           Summ/Tloc      53%        N/A       1%          7
 Haunt                    Necr/Summ      48%        N/A       9%          7
 Monstrous Menagerie      Summ           42%        N/A       41%         7
 Summon Hydra             Summ           42%        N/A       41%         7
 Conjure Ball Lightning   Conj/Air       31%        3x3d10    75%         6
 Spellforged Servitor     Conj/Summ      38%        N/A       77%         7
 Bombard                  Conj/Erth      29%        9d5       86%         6
 Starburst                Conj/Fire      29%        6d9       86%         6
 Death's Door             Necr           52%        N/A       91%         9
 Plasma Beam              Fire/Air       25%        2x1d38    97%         6
 Orb of Destruction       Conj           34%        9d10      98%         7
 Eringya's Noxious Bog    Alch           22%        4d6       99%         6
 Permafrost Eruption      Ice/Erth       22%        2x4d6     99%         6
 Sculpt Simulacrum        Ice/Alch       22%        N/A       99%         6
 Ozocubu's Refrigeration  Ice            22%        4d12      100%        7
 Discord                  Hex            22%        N/A       100%        8
 Ignition                 Fire           22%        3d8       100%        8
 Maxwell's Capacitive Co  Air            28%        ∞         100%        8
 Chain Lightning          Conj/Air       31%        3d41      100%        9
 Dragon's Call            Summ           42%        N/A       100%        9
 Fire Storm               Conj/Fire      29%        8d7       100%        9
 Polar Vortex             Ice            22%        12d3*     100%        9
 Shatter                  Erth           22%        3d20*     100%        9


Dungeon Overview and Level Annotations

Branches:
Dungeon (15/15)            Temple (1/1) D:6            Lair (5/5) D:8
  Swamp (4/4) Lair:2       Spider (4/4) Lair:3        Slime (5/5) Lair:5
    Orc (2/2) D:11            Elf (3/3) Orc:2        Vaults (5/5) D:13
  Crypt (3/3) Vaults:2       Tomb (0/3) Crypt:3      Depths (4/4) D:15
   Hell (visited)             Dis (7/7) Hell            Geh (7/7) Hell
    Coc (7/7) Hell            Tar (7/7) Hell            Zot (4/5) Depths:4
  IceCv (visited)          WizLab (visited)         Desolation (visited)
Gauntlet (visited)

Altars:
Ashenzari
Cheibriados
Dithmenos
Elyvilon
Fedhas
Gozag
Hepliaklqana
Kikubaaqudgha
Makhleb
Nemelex Xobeh
Okawaru
Qazlal
Ru
Sif Muna
Trog
Uskayaw
Vehumet
Wu Jian
Xom
Yredelemnul
Zin
The Shining One
Beogh
Jiyva

Shops:
D:15 *   Orc:2 [?(?   Elf:1 :   Elf:3 :=*=   Vaults:2 *   Vaults:4 *
Depths:1 *

Portals:
Hell: Depths:1 Depths:2 Depths:3 Depths:4
Abyss: Depths:2 Depths:3 Depths:4
Pandemonium: Depths:2 Depths:3
Ziggurat: Depths:2

Annotations:
D:3 2 transporters, circumfission's ghost, amateur DsSh
D:4 2 transporters
Lair:4 3 runed translucent doors, Ahar's ghost, journeyman HONe
Lair:5 exclusion: oklob plant
Spider:1 Rupert
Spider:4 3 runed translucent doors, Gryn's ghost, adept OnMo
Slime:2 exclusion: shining eye
Vaults:5 1 exclusion
Depths:2 exclusions: angel and 3 more exclusions
Geh:7 Serpent of Hell


Innate Abilities, Weirdness & Mutations

Your serpentine skin is tough. (AC +9)
You have supernaturally acute eyesight. (SInv)
Armour fits poorly on your strangely shaped body.
Your system is resistant to poisons. (rPois)
You cover ground very slowly.
You can spit poison.
You can use your snake-like lower body to constrict enemies.
You are strong-willed. (Will+)


Message History

The salamander tyrant gazes fiercely through you!
You feel as though you will be weak longer.
The Serpent of Hell roars!
A dragon appears.
You block the hell hog's attack.
The Brimstone Fiend roars!
The balrug shouts!
You hear a shout!
A Brimstone Fiend comes into view.
Unknown command.
Activating: Slouch (0% risk of failure)
Press: ? - help, Dir - look around, f - activate You can feel time thicken for a moment.
You kill the balrug!
Cheibriados thoroughly appreciates the change of pace.
You kill the Brimstone Fiend!
Cheibriados appreciates the change of pace.
You kill the salamander tyrant!
Cheibriados appreciates the change of pace.
You kill the salamander tyrant!
Cheibriados appreciates the change of pace.
The fire vortex dissipates!
A glowing mist starts to gather... x3
The wailing of tortured souls fills the air!
You are engulfed in blazing flames.
You resist.
The Brimstone Fiend roars!
The searing wretch barely misses you. You block the searing wretch's attack.
The hellephant is engulfed in blazing flames.
The hellephant tramples you!!
* * * LOW HITPOINT WARNING * * *
You hold your ground!
The hellephant closely misses you. The hellephant gores you.
* * * LOW HITPOINT WARNING * * *
The salamander tyrant hits something but does no damage.
The Serpent of Hell bites you.
* * * LOW HITPOINT WARNING * * *
You are engulfed in flames!
You resist.
* * * LOW HITPOINT WARNING * * *
The Serpent of Hell bites you!
* * * LOW HITPOINT WARNING * * *
You are engulfed in flames.
You resist.
You die...
Cheibriados appreciates the motionlessness of death.

....§≈≈≈§§§§§§
....°○§§§§≈§≈
...°v○≈§≈1§§ ...
.♣.☼♣.☼§§≈§ ......
♣°°N9..§§≈ ......♣..♣
♣♣2°D.Z.≈≈§ ........♣
#DY♣h.Z§.§§
≈..♣...♣..#♣♣♣♣D@h.)....
§≈.........#♣.DDnnh...§.
≈≈..♣..........h♣.Z.....
≈§§. #....†...†.♣♣......
≈....#♣..♣....♣.......#.
....##......).♣......##
....♣......♣...♣...#♣#
........♣.§.......♣#
...♣...§§≈.≈.........


You could see the Serpent of Hell (catching breath), a hellephant, 2 searing
wretches, a storm dragon (summoned), a Brimstone Fiend, a fire dragon
(summoned), 2 ice dragons, a balrug, a salamander tyrant, 4 hell hogs, a molten
gargoyle (ally target), a friendly spectral balrug and 2 friendly spectral
salamander tyrants.

Vanquished Creatures
  Antaeus (Coc:7)
  the Royal Jelly (Slime:5)
  Ereshkigal (Tar:7)
  7 dread liches
  Dispater (Dis:7)
  An orb of fire (Zot:1)
  Mennas (Vaults:3)
  3 ancient liches
  10 juggernauts
  2 royal mummies (Depths:2)
  Boris (Elf:3)
  2 antique champions (WizLab)
  the Lernaean hydra (Swamp:4)
  Bai Suzhen (Crypt:1)
  2 Killer Klowns (Zot:3)
  The ghost of Jemaz the Conqueror, a veteran MfBe of Trog (Zot:2)
  20 shard shrikes
  2 curse toes
  7 golden dragons
  38 caustic shrikes
  Geryon (Hell)
  Nikola (Spider:1)
  25 profane servitors
  13 bone dragons
  2 Brimstone Fiends
  11 iron giants
  14 Tzitzimimeh
  Arachne (Spider:4)
  10 doom hounds
  A spectral shard shrike (Tar:6)
  Jorgrun (Elf:1)
  13 hellephants
  11 liches
  3 electric golems
  25 Ice Fiends
  19 tentacled monstrosities
  14 Hell Sentinels
  Asterion (Depths:2)
  22 tainted leviathans
  Grunn (Depths:3)
  9 titans
  3 quicksilver dragons
  A deep elf master archer (Elf:3)
  4 searing wretches
  Gastronok (Lair:1)
  3 deep elf blademasters
  19 acid blobs
  11 sphinxes
  Agnes (Spider:1)
  2 tentacled starspawn (Abyss:4)
  36 ancient champions
  6 death cobs
  17 storm dragons
  Roxanne (D:15)
  11 shadow dragons
  10 tengu reavers
  6 protean progenitors
  9 azure jellies
  21 fire giants
  8 draconian monks
  10 narguns
  A fenstrider witch (Swamp:4)
  11 deep elf sorcerers
  15 rockslimes
  17 quicksilver elementals
  4 draconian knights
  3 imperial myrmidons (Desolation)
  3 revenants
  10 draconian shifters
  14 vault wardens
  5 draconian scorchers
  11 shard shrike simulacra
  13 ghost moths
  3 deep elf elementalists (Elf:3)
  7 frost giants
  3 iron dragons
  4 orc warlords
  11 balrugs
  Louise (Swamp:2)
  A spectral juggernaut (Tar:3)
  9 emperor scorpions
  3 broodmothers
  10 ghouls
  3 spectral caustic shrikes
  A curse skull (Crypt:3)
  10 reapers
  18 quicksilver oozes
  7 draconian annihilators
  19 ironbound preservers
  9 formless jellyfish
  A cacodemon (Abyss:3)
  3 draconian stormcallers
  11 stone giants
  6 vampire knights
  8 ironbound thunderhulks
  22 very ugly things
  Nessos (Orc:2)
  30 putrid mouths
  14 black draconians
  5 deep elf demonologists
  4 eleionomae
  6 white draconians
  10 deep elf death magi
  A spectral titan (Tar:2)
  11 green draconians
  26 war gargoyles
  24 elemental wellsprings
  12 wendigos
  3 bunyips
  3 eidola
  8 purple draconians
  4 deep elf annihilators
  6 red draconians
  11 dire elephants
  9 spark wasps
  A minotaur (Gauntlet)
  2 lorocyprocas
  19 iron golems
  11 yellow draconians
  2 green deaths
  8 ettins
  3 mummy priests (Depths:2)
  11 jiangshi
  A shambling mangrove (Swamp:2)
  5 fire dragons
  5 crystal guardians
  A spectral golden dragon (Tar:2)
  2 entropy weavers
  Josephine (Lair:4)
  A spriggan zombie (Crypt:2)
  5 ragged hierophants (Desolation)
  2 spectral krakens (Tar:7)
  5 deep elf high priests
  An entropy weaver (shapeshifter) (Vaults:5)
  7 servants of whispers (Desolation)
  7 rakshasas
  21 yaktaur captains
  5 spectral spriggans
  6 salamander tyrants
  33 vault guards
  2 quicksilver dragon skeletons (Crypt:3)
  9 peacekeepers
  24 hydras
  Fannar (D:12)
  4 ironbound frosthearts
  2 spectral fenstrider witches (Tar:1)
  Erica (Lair:1)
  2 death knights
  A spriggan air mage (Depths:1)
  6 ogre magi
  7 great orbs of eyes
  4 hell beasts
  A spectral tengu (Tar:1)
  4 radroaches
  11 centaur warriors
  8 juggernaut simulacra
  3 stokers
  12 alligators
  7 ice dragons
  A two-headed ogre (shapeshifter) (Vaults:5)
  The ghost of Ynexoj the Summoner, a journeyman TeSu of Ashenzari (Spider:3)
  A ghost crab (Swamp:3)
  5 boulder beetles
  13 caustic shrike simulacra
  A fenstrider witch skeleton (Hell)
  2 spectral stone giants (Tar:2)
  31 dancing weapons
  3 spriggan skeletons
  4 deep troll earth magi
  11 death yaks
  6 occultists
  36 hell hogs
  7 tengu warriors
  6 vampire magi
  11 deep troll shamans
  10 two-headed ogres
  9 demonic crawlers
  A titan zombie (Abyss:1)
  A spectral dire elephant (Tar:1)
  9 soul eaters
  Sonja (D:11)
  5 spriggan berserkers
  Urug (D:10)
  A thrashing horror (Abyss:4)
  7 hell knights (Crypt:3)
  2 storm dragon zombies (WizLab)
  15 sun demons
  7 crystal echidnas
  A skyshark (Lair:5)
  16 deep elf knights
  5 iron trolls
  36 skeletal warriors
  5 wretched stars
  9 deep elf archers
  A sixfirhy (Abyss:3)
  A spatial maelstrom (Abyss:4)
  An iron giant zombie (Hell)
  3 spectral bunyips
  A shadow demon (Hell)
  A bunyip zombie (Crypt:2)
  6 glowing orange brains
  7 pharaoh ants
  6 goliath frogs
  4 anaconda zombies
  A golden dragon zombie (WizLab)
  5 shadow wraiths
  2 storm dragon skeletons
  4 swamp dragons
  81 deep trolls
  A deep troll (shapeshifter) (Depths:4)
  11 orb spiders
  A spectral hydra (Tar:4)
  7 flayed ghosts
  7 quicksilver dragon simulacra
  A kraken simulacrum (Hell)
  A spriggan druid (Swamp:2)
  17 harpies
  13 spriggan simulacra
  6 steelbarb worms
  13 lindwurms
  14 bog bodies
  3 sun moths
  7 orc knights
  29 deep elf pyromancers
  12 phantasmal warriors
  A fenstrider witch simulacrum (Crypt:1)
  7 arcanists
  A spectral fire dragon (Tar:1)
  2 thermic dynamos (Elf:1)
  36 deep elf zephyrmancers
  An obsidian statue (IceCv)
  6 necromancers
  15 ironbound convokers
  An obsidian bat (Abyss:1)
  A bunyip skeleton (Crypt:1)
  A shining eye (shapeshifter) (Vaults:5)
  Pikel (D:7)
  11 large abominations
  3 anaconda skeletons
  2 worldbinders
  A stone giant zombie (Crypt:3)
  20 wolf spiders
  2 frost giant zombies
  8 cyclopes
  A glowing shapeshifter (Vaults:5)
  12 elephants
  30 ugly things
  34 moths of wrath
  4 will-o-the-wisps
  4 manticores
  An alligator skeleton (Hell)
  2 spectral ettins
  A spectral centaur (Tar:1)
  6 salamanders
  9 shining eyes
  Maurice (D:11)
  14 vault sentinels
  2 kobold blastminers (Orc:1)
  An orange demon (Abyss:3)
  Joseph (D:8)
  3 eyes of devastation
  3 guardian serpents (Desolation)
  3 stone giant skeletons
  15 meliai
  5 gargoyles
  6 rust devils (Hell)
  10 spectral swamp worms (Tar:7)
  An eye of devastation (shapeshifter) (Vaults:5)
  A centaur zombie (Crypt:2)
  9 smoke demons
  5 titan simulacra
  5 molten gargoyles
  22 cane toads
  3 black mambas
  A storm dragon simulacrum (WizLab)
  A pale draconian zombie (Crypt:2)
  Jeremiah (D:6)
  A minotaur zombie (Crypt:1)
  An unseen horror (D:12)
  15 hellions
  3 torpor snails
  3 dire elephant skeletons
  A kobold demonologist (D:10)
  24 yaktaurs
  7 rime drakes
  Maggie (D:7)
  5 guardian mummies
  10 freezing wraiths
  14 tormentors
  5 tengu conjurers
  9 anaconda simulacra
  13 komodo dragons
  An orb spider zombie (Crypt:1)
  3 golden dragon simulacra
  15 ice devils
  A spectral naga (Tar:1)
  A hydra zombie (Hell)
  3 iron giant simulacra (Coc:7)
  4 ancient zymes
  2 queen bees (Zot:4)
  13 trolls
  A tengu simulacrum (Depths:2)
  4 polar bears
  3 harpy zombies
  A minotaur skeleton (Crypt:1)
  3 silent spectres
  21 hornets
  3 alligator simulacra (IceCv)
  A death drake skeleton (Crypt:2)
  A hellwing (Abyss:1)
  36 jumping spiders
  7 tyrant leeches
  3 harpy skeletons
  37 saltlings (Desolation)
  Prince Ribbit (D:6)
  4 glass eyes
  18 tarantellas
  94 slime creatures
  A spectral black mamba (Tar:1)
  A raiju (Abyss:1)
  18 blink frogs
  3 iron dragon simulacra
  An ettin zombie (WizLab)
  11 spriggans
  Sigmund (D:6)
  22 culicivoras
  An ushabti (Crypt:3)
  3 centaur simulacra (Coc:2)
  4 vampires
  2 ynoxinuls (Abyss:4)
  5 water elementals
  A yak (shapeshifter) (D:14)
  An air elemental (Elf:1)
  5 shadows
  An ettin skeleton (Crypt:3)
  16 wraiths
  8 wyverns
  3 fire elementals
  2 alligator snapping turtle simulacra (Coc:1)
  13 dire elephant simulacra
  18 yaks
  4 fire bats (Abyss:1)
  5 wargs
  11 golden eyes
  5 basilisks
  2 neqoxecs (Abyss:4)
  8 minotaur simulacra
  55 redbacks
  12 vampire mosquitoes
  2 sea snake simulacra (Hell)
  A two-headed ogre zombie (WizLab)
  2 chaos spawn (Abyss:4)
  A deep troll zombie (Crypt:2)
  A naga zombie (Crypt:2)
  9 small abominations
  21 swamp worms
  6 hydra simulacra
  An acid dragon (D:8)
  15 harpy simulacra
  4 hell hounds (Abyss:4)
  10 water moccasins
  A fire bat skeleton (Crypt:2)
  9 swamp drakes
  A deep troll skeleton (WizLab)
  A black bear (D:7)
  An elephant zombie (Crypt:1)
  A two-headed ogre skeleton (WizLab)
  13 orc warriors
  6 ettin simulacra
  A hornet zombie (D:15)
  13 laughing skulls
  A swamp dragon zombie (Crypt:1)
  19 ogres
  45 wolves
  A boggart (Elf:2)
  6 centaurs
  3 lemures (D:7)
  13 starcursed masses
  A phantom (D:6)
  A rime drake zombie (Crypt:1)
  A kobold brigand (D:8)
  A komodo dragon zombie (Crypt:2)
  2 weeping skulls (Abyss:4)
  12 bullfrogs
  3 scorpions
  8 deep troll simulacra
  2 earth elementals (Elf:1)
  3 killer bees (D:8)
  4 lindwurm simulacra
  2 howler monkeys
  An electric eel (Lair:5)
  A polar bear skeleton (Crypt:2)
  A crimson imp (D:8)
  A human zombie (Crypt:2)
  3 bombardier beetles
  3 hounds (D:5)
  2 jellies
  A centaur skeleton (Crypt:2)
  8 orc priests
  3 gnoll boudas
  Terence (D:2)
  4 iguanas
  21 orc wizards
  Natasha (thrice) (D:2)
  3 hell rats (Lair:2)
  A boggart skeleton (D:15)
  A sky beast zombie (Crypt:1)
  An acid dragon skeleton (Crypt:1)
  10 mummies
  8 adders
  12 gnolls
  5 river rats (Lair:2)
  3 white imps
  4 ufetubi
  2 dart slugs (D:3)
  2 ribbon worms
  68 orcs
  6 ball pythons
  A bat skeleton (Crypt:2)
  6 endoplasms
  5 giant cockroaches
  10 goblins
  6 hobgoblins
  4 kobolds
  3 quokkas
  11 bats
  3 frilled lizards
  A jackal zombie (Crypt:2)
  An orc zombie (Crypt:2)
  11 rats
  4 aspiring fleshes (Zot:4)
  A creeping inferno (Geh:7)
  4 fire vortices (Geh:7)
  8 spectral weapons
  A starspawn tentacle (Abyss:4)
  5 tentacles
3252 creatures vanquished.

Vanquished Creatures (collateral kills)
  An ancient lich (Geh:1)
  A juggernaut (Geh:4)
  3 shard shrikes (Coc:7)
  2 caustic shrikes
  A bone dragon (Depths:4)
  2 profane servitors (Tar:7)
  3 iron giants (Dis:7)
  A hellephant (Geh:7)
  3 Ice Fiends
  A Hell Sentinel (Dis:6)
  2 tainted leviathans (Tar:7)
  2 titans
  A searing wretch (Geh:3)
  A shadow dragon (Vaults:5)
  4 ancient champions
  A frost giant (Coc:7)
  2 quicksilver elementals (Dis:7)
  A nargun (Coc:7)
  4 fire giants
  An iron dragon (Dis:7)
  3 balrugs
  2 shard shrike simulacra (Coc:7)
  A vault warden (Vaults:5)
  2 elemental wellsprings
  3 wendigos (Coc:7)
  3 war gargoyles (Dis:7)
  5 iron golems
  2 caustic shrike simulacra (Coc:7)
  A juggernaut simulacrum (Coc:4)
  A salamander tyrant (Geh:3)
  A stoker (Geh:2)
  4 hell hogs
  5 dancing weapons (Dis:7)
  2 crystal echidnas
  3 spriggan simulacra
  2 stone giant skeletons (Geh:4)
  2 molten gargoyles (Geh:7)
  A hellion (Dis:7)
  A tormentor (Dis:5)
  2 bunyip simulacra (Coc:1)
  A golden dragon simulacrum (Coc:7)
  3 dire elephant simulacra
  An alligator snapping turtle simulacrum (Coc:1)
  6 harpy simulacra
  A naga simulacrum (Coc:1)
  A creeping inferno (Geh:7)
96 creatures vanquished.

Vanquished Creatures (others)
  4 eldritch tentacles
  A fire giant (Depths:2)
  A quicksilver elemental (Dis:6)
  A draconian knight (Zot:4)
  A shard shrike simulacrum (Coc:7)
  2 balrugs
  An elemental wellspring (Coc:6)
  2 salamander tyrants
  2 caustic shrike simulacra
  2 juggernaut simulacra (Coc:7)
  A hell hog (Hell)
  A deep elf knight (Elf:3)
  A quicksilver dragon simulacrum (Coc:7)
  An orb spider (Spider:3)
  A deep elf zephyrmancer (Elf:2)
  A titan simulacrum (Coc:5)
  A hellion (Tar:6)
  A centaur skeleton (D:15)
  A tormentor (Geh:6)
  3 bloated husks
  A jumping spider (Spider:1)
  2 small abominations (Abyss:4)
  3 dire elephant simulacra
  A naga simulacrum (Coc:5)
  2 harpy simulacra
  A creeping inferno (Geh:7)
  10 foxfires (Swamp:3)
  A lurking horror (Abyss:4)
  21 snaplasher vines
  70 spectral weapons
  4 starspawn tentacles (Abyss:4)
  14 tentacles
159 creatures vanquished.

Grand Total: 3507 creatures vanquished

Notes
Turn   | Place    | Note
-------+----------+-------------------------------------------
     0 | D:1      | pokedragonboy the Naga Warper began the quest for the Orb.
     0 | D:1      | Reached XP level 1. HP: 19/19 MP: 3/3
   192 | D:1      | Reached XP level 2. HP: 26/26 MP: 5/5
  1040 | D:2      | Noticed Natasha
  1046 | D:2      | Killed Natasha
  1047 | D:2      | Reached XP level 3. HP: 26/33 MP: 6/6
  1152 | D:2      | Reached XP level 4. HP: 34/40 MP: 7/7
  1337 | D:2      | Noticed Natasha
  1346 | D:2      | Killed Natasha
  1347 | D:2      | Reached XP level 5. HP: 36/46 MP: 8/8
  1350 | D:2      | Noticed Natasha
  1362 | D:2      | Killed Natasha
  1570 | D:2      | Noticed Terence
  1578 | D:2      | Killed Terence
  1634 | D:2      | Learned a level 2 spell: Blink
  1638 | D:2      | Learned a level 3 spell: Teleport Other
  1642 | D:2      | Learned a level 3 spell: Maxwell's Portable Piledriver
  1975 | D:3      | Reached XP level 6. HP: 28/55 MP: 10/10
  2208 | D:3      | Found a transporter.
  2208 | D:3      | Noticed circumfission's ghost (amateur DsSh)
  2393 | D:3      | Found a bloodstained altar of Trog.
  2486 | D:3      | Found an opulent altar of Gozag.
  2613 | D:3      | Found a transporter.
  3109 | D:4      | Found a transporter.
  3176 | D:4      | Found a transporter.
  3343 | D:4      | Reached skill level 5 in Translocations
  3377 | D:4      | Reached XP level 7. HP: 40/62 MP: 11/11
  3454 | D:4      | Learned a level 4 spell: Vhi's Electric Charge
  4125 | D:5      | Entered Level 5 of the Dungeon
  4188 | D:5      | Found a hazy altar of Hepliaklqana.
  5128 | D:5      | Reached skill level 5 in Axes
  5128 | D:5      | Reached XP level 8. HP: 61/72 MP: 9/13
  5513 | D:5      | Found a snail-covered altar of Cheibriados.
  5513 | D:5      | Found a basalt altar of Yredelemnul.
  5519 | D:5      | Became a worshipper of Cheibriados the Contemplative
  5846 | D:6      | Found a sacrificial altar of Ru.
  6081 | D:6      | Found a staircase to the Ecumenical Temple.
  6114 | D:6      | Noticed Sigmund
  6123 | D:6      | Killed Sigmund
  6283 | D:6      | Found a blossoming altar of Fedhas.
  6323 | D:6      | Noticed Jeremiah
  6334 | D:6      | Noticed Prince Ribbit
  6347 | D:6      | Killed Jeremiah
  6348 | D:6      | Reached XP level 9. HP: 43/80 MP: 11/15
  6362 | D:6      | Reached * piety under Cheibriados
  6550 | D:6      | Found a hide-covered altar of Uskayaw.
  6574 | D:6      | Reached skill level 5 in Fighting
  6765 | D:6      | Killed Prince Ribbit
  7328 | D:7      | Noticed a hornet
  7336 | D:7      | Killed a hornet
  7420 | D:7      | Noticed Pikel
  7449 | D:7      | Killed Pikel
  7450 | D:7      | Reached skill level 5 in Spellcasting
  7611 | D:7      | Noticed Maggie
  7630 | D:7      | Killed Maggie
  8023 | D:8      | Noticed a hornet
  8030 | D:8      | Killed a hornet
  8203 | D:8      | Reached XP level 10. HP: 88/91 MP: 18/18
  8302 | D:8      | Reached ** piety under Cheibriados
  8541 | D:8      | Reached skill level 1 in Invocations
  8653 | D:8      | Found a staircase to the Lair.
  8814 | D:8      | Found a radiant altar of Vehumet.
  8814 | D:8      | Found a burning altar of Makhleb.
  9052 | D:8      | Noticed Joseph
  9061 | D:8      | Killed Joseph
  9292 | D:8      | Found an ornate altar of the Wu Jian Council.
 10012 | D:9      | Reached *** piety under Cheibriados
 10284 | D:9      | Reached XP level 11. HP: 100/100 MP: 16/20
 10725 | D:10     | Entered Level 10 of the Dungeon
 10991 | D:10     | Noticed Urug
 11129 | D:10     | Found an ancient bone altar of Kikubaaqudgha.
 11239 | Lair:1   | Entered Level 1 of the Lair of Beasts
 11458 | Lair:1   | Noticed a boulder beetle
 11477 | Lair:1   | Killed a boulder beetle
 11948 | Lair:1   | Reached skill level 10 in Translocations
 12162 | Lair:1   | Reached skill level 10 in Axes
 12171 | Lair:1   | Reached **** piety under Cheibriados
 12397 | Lair:1   | Noticed Erica
 12402 | Lair:1   | Killed Erica
 12624 | Lair:1   | Noticed Gastronok
 12634 | Lair:1   | Reached skill level 5 in Invocations
 13229 | Lair:1   | Killed Gastronok
 13230 | Lair:1   | Reached XP level 12. HP: 112/112 MP: 21/21
 13498 | Lair:2   | Noticed a death yak
 13498 | Lair:2   | Noticed a death yak
 13503 | Lair:2   | Noticed a death yak
 13503 | Lair:2   | Noticed a death yak
 13505 | Lair:2   | Noticed a death yak
 13509 | Lair:2   | Killed a death yak
 14111 | Lair:2   | Noticed a six-headed hydra
 14121 | Lair:2   | Killed a six-headed hydra
 14636 | Lair:2   | Found a staircase to the Swamp.
 14996 | Lair:2   | Identified the maw talisman of the Northern Lights {rElec
                  | rPois Str+4}
 15528 | Lair:3   | Reached ***** piety under Cheibriados
 15650 | Lair:3   | Found a hole to the Spider Nest.
 16796 | Lair:4   | Gained mutation: You can use your snake-like lower body to
                  | constrict enemies. [Naga growth]
 16796 | Lair:4   | Reached XP level 13. HP: 91/123 MP: 22/22
 16885 | Lair:4   | Learned a level 2 spell: Lesser Beckoning
 16905 | Lair:4   | Noticed Josephine
 16916 | Lair:4   | Killed Josephine
 17004 | Lair:4   | Reached skill level 10 in Fighting
 17447 | Lair:4   | Reached skill level 5 in Dodging
 17835 | Lair:4   | Found a runed translucent gate.
 17835 | Lair:4   | Found a runed translucent gate.
 17835 | Lair:4   | Found a runed translucent gate.
 17836 | Lair:4   | Noticed an azure jelly
 17836 | Lair:4   | Noticed an acid blob
 17837 | Lair:4   | Noticed an azure jelly
 17837 | Lair:4   | Noticed a great orb of eyes
 17839 | Lair:4   | Noticed Ahar's ghost (journeyman HONe)
 17839 | Lair:4   | Noticed an acid blob
 17840 | Lair:4   | Noticed a rockslime
 17842 | Lair:4   | Noticed an azure jelly
 17842 | Lair:4   | Noticed an azure jelly
 18108 | Lair:4   | Noticed an acid blob
 18139 | Lair:4   | Found a viscous altar of Jiyva.
 18321 | Lair:5   | Entered Level 5 of the Lair of Beasts
 18786 | Lair:5   | HP: 9/186 [eight-headed hydra (5)]
 18964 | Lair:5   | Reached XP level 14. HP: 78/133 MP: 15/23
 19278 | Lair:5   | Found a staircase to the Slime Pits.
 19278 | Lair:5   | Found a viscous altar of Jiyva.
 19679 | Lair:5   | Identified the +1 chain mail of Wataucro {rPois rN+ Dex-2}
 20393 | Lair:5   | Found the +1 robe of Vines {NoPotionHeal Regen++++}
 20855 | Lair:2   | Reached skill level 15 in Axes
 21591 | D:10     | Found a broken altar of Ashenzari.
 21792 | D:10     | Reached ****** piety under Cheibriados
 21956 | D:10     | Killed Urug
 22366 | D:10     | Identified a scroll of acquirement
 22455 | D:11     | Identified the flux talisman of Ruaz {rCorr Dex+5 Stlth+}
 22529 | D:11     | Noticed Sonja
 22531 | D:11     | Killed Sonja
 22603 | D:11     | Found a staircase to the Orcish Mines.
 22616 | D:11     | Found a roughly hewn altar of Beogh.
 23308 | D:11     | Noticed Maurice
 23314 | D:11     | Killed Maurice
 23589 | D:12     | Found a gate leading to a gauntlet.
 23610 | Gauntlet | Entered a Gauntlet
 23610 | Gauntlet | Found a transporter.
 23610 | Gauntlet | Found a transporter.
 23616 | Gauntlet | Found a transporter.
 23634 | Gauntlet | Found a transporter.
 23654 | Gauntlet | Found a transporter.
 23666 | Gauntlet | Found a transporter.
 23684 | Gauntlet | Found a transporter.
 23757 | Gauntlet | Found a transporter.
 23768 | Gauntlet | Found a transporter.
 23782 | Gauntlet | Found a transporter.
 23795 | Gauntlet | Found a transporter.
 23797 | Gauntlet | Found a large runed translucent door.
 23797 | Gauntlet | Found a large runed translucent door.
 23798 | Gauntlet | Found a large runed translucent door.
 23798 | Gauntlet | Found a large runed translucent door.
 23799 | Gauntlet | Found a large runed translucent door.
 23799 | Gauntlet | Found a large runed translucent door.
 23799 | Gauntlet | Found a runed translucent door.
 23799 | Gauntlet | Found a runed translucent door.
 23799 | Gauntlet | Found a large runed translucent door.
 23800 | Gauntlet | Found a large runed translucent door.
 23807 | Gauntlet | Found a large runed translucent door.
 23807 | Gauntlet | Found a large runed translucent door.
 23808 | Gauntlet | Found a large runed translucent door.
 23808 | Gauntlet | Found a large runed translucent door.
 23809 | Gauntlet | Found a large runed translucent door.
 23809 | Gauntlet | Found a large runed translucent door.
 23810 | Gauntlet | Found a runed translucent gate.
 23810 | Gauntlet | Found a runed translucent gate.
 23810 | Gauntlet | Found a runed translucent gate.
 23812 | Gauntlet | Found a transporter.
 23879 | Gauntlet | Found a transporter.
 23895 | Gauntlet | Found a transporter.
 23895 | Gauntlet | Found a large runed translucent door.
 23896 | Gauntlet | Found a large runed translucent door.
 23903 | Gauntlet | Found a transporter.
 23935 | Gauntlet | Found a transporter.
 24365 | Gauntlet | Identified the ring "Ystuta" {*Slow rC+ Will+++ Int-4
                  | Stlth+}
 24367 | Gauntlet | Identified the staff "Cucrao Eroo" {rF- rC- Will+++ Dex+4
                  | Earth}
 24506 | Gauntlet | Got the Codex of Degeneration and Trauma
 24844 | D:12     | Reached XP level 15. HP: 143/144 MP: 25/25
 25159 | D:12     | Noticed Fannar
 25163 | D:12     | Killed Fannar
 25467 | D:12     | Found a glowing golden altar of the Shining One.
 26354 | D:13     | Found a gate to the Vaults.
 26859 | D:13     | Identified the +3 sling of the Witching Gods {antimagic,
                  | Str+2 Int+4 Stlth+}
 26988 | D:14     | Reached skill level 1 in Air Magic
 27314 | D:14     | Found a sparkling altar of Nemelex Xobeh.
 27848 | D:15     | Entered Level 15 of the Dungeon
 28571 | D:15     | Noticed Roxanne
 28829 | D:15     | Found Qoxziowu's CLEARANCE SALE!.
 28836 | D:15     | Bought a wand of flame (6) for 25 gold pieces
 28836 | D:15     | Bought a scroll of silence for 57 gold pieces
 28879 | D:15     | Identified the +7 shortbow of Duumil {speed, rN+ SInv}
 29026 | D:15     | Found a staircase to the Depths.
 29700 | Orc:1    | Entered Level 1 of the Orcish Mines
 29970 | Orc:2    | Entered Level 2 of the Orcish Mines
 30098 | Orc:2    | Found Bathek's Antique Armour Boutique.
 30103 | Orc:2    | Noticed Nessos
 30109 | Orc:2    | Found Mahulo's Magic Scroll Shop.
 30112 | Orc:2    | Killed Nessos
 30113 | Orc:2    | Reached XP level 16. HP: 103/156 MP: 6/28
 30113 | Orc:2    | Found Pisoimpu's Antique Weapon Shop.
 30119 | Orc:2    | Found Uhitod's Magic Scroll Emporium.
 30151 | Orc:2    | Found a staircase to the Elven Halls.
 30269 | Orc:2    | Bought a scroll of teleportation for 36 gold pieces
 30269 | Orc:2    | Bought a scroll of teleportation for 36 gold pieces
 30276 | Orc:2    | Bought a scroll of blinking for 112 gold pieces
 30276 | Orc:2    | Bought a scroll of brand weapon for 142 gold pieces
 30276 | Orc:2    | Bought a scroll of teleportation for 45 gold pieces
 30996 | Orc:2    | Acquired a There-And-Back Book
 31001 | Orc:2    | Bought a pitted chain mail for 294 gold pieces
 31001 | Orc:2    | Identified the +1 chain mail of Ru's Brutal Revenge {Harm
                  | Int+4} (You bought it in a shop on level 2 of the Orcish
                  | Mines)
 31218 | Lair:1   | Learned a level 6 spell: Dispersal
 31225 | Lair:1   | Learned a level 6 spell: Gell's Gavotte
 31274 | Swamp:1  | Entered Level 1 of the Swamp
 32432 | Swamp:2  | You are sucked into a shaft and drop 1 floor!
 32724 | Swamp:3  | Identified the +1 pair of boots of Distant Worlds {rCorr}
 32889 | Swamp:3  | Identified the +9 halberd of the Ninety-Nine Bones {flame,
                  | Int+5}
 33790 | Swamp:2  | Noticed Louise
 33801 | Swamp:2  | Killed Louise
 34529 | Swamp:3  | Reached skill level 15 in Translocations
 34704 | Swamp:4  | Entered Level 4 of the Swamp
 34985 | Swamp:4  | Noticed a fenstrider witch
 35274 | Swamp:4  | Killed a fenstrider witch
 35447 | Swamp:4  | Reached XP level 17. HP: 127/168 MP: 13/29
 37234 | Swamp:4  | Noticed the 27-headed Lernaean hydra
 39314 | Swamp:4  | Killed the four-headed Lernaean hydra
 39315 | Swamp:4  | Reached skill level 10 in Invocations
 39566 | Swamp:4  | Got a decaying rune of Zot
 39724 | Spider:1 | Entered Level 1 of the Spider Nest
 40661 | Spider:1 | Noticed Agnes
 40664 | Spider:1 | Killed Agnes
 40690 | Spider:1 | You fall into a shaft and drop 1 floor!
 40694 | Spider:2 | Reached skill level 1 in Shields
 40701 | Spider:2 | Reached skill level 15 in Fighting
 41947 | Spider:2 | Acquired a manual of Spellcasting
 42354 | Spider:1 | Reached skill level 10 in Spellcasting
 42362 | Spider:1 | Noticed Nikola
 42367 | Spider:1 | Killed Nikola
 42630 | Spider:1 | Reached XP level 18. HP: 178/178 MP: 21/32
 42735 | Spider:1 | Noticed Rupert
 44175 | Spider:2 | Identified the +1 leather armour of the Sky {rC+++ Regen+}
 44411 | Spider:3 | Found a runed translucent gate.
 44411 | Spider:3 | Found a runed translucent gate.
 44413 | Spider:3 | Found a runed translucent gate.
 44413 | Spider:3 | Noticed Ynexoj's ghost (journeyman TeSu)
 44424 | Spider:3 | Killed Ynexoj's ghost
 44437 | Spider:3 | Learned a level 3 spell: Fugue of the Fallen
 44585 | Spider:3 | Found a glacial archway.
 44614 | Spider:3 | Reached skill level 1 in Necromancy
 44628 | IceCv    | Entered an ice cave
 45114 | IceCv    | Noticed an Ice Fiend
 45116 | IceCv    | Killed an Ice Fiend
 45132 | IceCv    | Found the +7 Spriggan's Knife {stab, EV+4 Stlth+}
 45198 | IceCv    | Identified the +2 hat of Hid Jast {Rampage rPois rF- Dex-2}
 45259 | IceCv    | Reached skill level 5 in Shields
 47381 | Spider:4 | Entered Level 4 of the Spider Nest
 47558 | Spider:4 | Found a runed translucent gate.
 47559 | Spider:4 | Found a runed translucent gate.
 47559 | Spider:4 | Found a runed translucent gate.
 47561 | Spider:4 | Noticed Gryn's ghost (adept OnMo)
 48186 | Spider:4 | Reached XP level 19. HP: 188/188 MP: 35/35
 48520 | Spider:4 | Noticed Arachne
 48528 | Spider:4 | Killed Arachne
 48529 | Spider:4 | Reached skill level 5 in Necromancy
 48788 | Spider:4 | Identified the +1 hat of Qazlal's Supremacy {rC+}
 48809 | Spider:4 | Reached XP level 20. HP: 187/199 MP: 15/37
 48904 | Spider:4 | Got a gossamer rune of Zot
 49742 | Elf:1    | Entered Level 1 of the Elven Halls
 49742 | Elf:1    | Found a runed translucent gate.
 49742 | Elf:1    | Found a runed translucent gate.
 49742 | Elf:1    | Found a runed translucent gate.
 49742 | Elf:1    | Found a runed translucent gate.
 49742 | Elf:1    | Found a runed translucent gate.
 49742 | Elf:1    | Found a runed translucent gate.
 49748 | Elf:1    | Found a runed translucent door.
 49759 | Elf:1    | Identified the +2 scimitar of the Ageing Stork {speed, rF+
                  | rC+ Will+}
 49767 | Elf:1    | Found a runed translucent door.
 50358 | Elf:1    | Noticed Jorgrun
 50361 | Elf:1    | Killed Jorgrun
 50835 | Elf:1    | Found Ubiusoileast's Self-Improvement Boutique.
 51042 | Elf:1    | Got the Octavo of Shared Battling
 51118 | Elf:2    | Found a shimmering blue altar of Sif Muna.
 51130 | Elf:2    | Found a crumbling gateway.
 51158 | Desolati | Entered the Desolation of Salt
 51175 | Desolati | Identified the +0 robe "Kiupuona" {*Corrode rC+++ Will-
                  | Slay+5}
 51248 | Desolati | Identified the +4 scimitar "Bijaqux" {flame, rPois rN+}
 51264 | Desolati | Got the Spellbook of Melanotic Rime
 51369 | Desolati | Identified the +3 ring mail of Dusujexu {+Blink Str+2}
 51446 | Desolati | Got the Collected Works on the Cucurbite
 51595 | Desolati | Identified the +1 spear of Urerozar {flame, rC++ Will+}
 51609 | Desolati | Got Vuofauguxa's Information on Geology and the Tundra
 51611 | Desolati | Identified the +5 broad axe of the Genius {spect, rElec
                  | Will- Str+2}
 51672 | Desolati | Reached XP level 21. HP: 183/208 MP: 35/39
 51881 | Desolati | Identified the ring "Xoyd" {rCorr EV+5 Str+2}
 52428 | Elf:2    | Reached skill level 15 in Spellcasting
 52477 | Elf:2    | Got the Secrets of Bitter Angles
 53263 | Elf:2    | Found a runed translucent gate.
 53264 | Elf:2    | Found a runed translucent gate.
 53264 | Elf:2    | Found a runed translucent gate.
 54012 | D:15     | Killed Roxanne
 54150 | Vaults:1 | Entered Level 1 of the Vaults
 54400 | Vaults:1 | Identified the +4 scale mail "Afousy" {Rampage rC+ Int-4
                  | Slay+3}
 55571 | Vaults:2 | Found a magical portal.
 55583 | WizLab   | Entered Zonguldrok's Shrine
 55852 | WizLab   | Reached skill level 10 in Shields
 56077 | WizLab   | Reached skill level 1 in Conjurations
 56185 | WizLab   | Noticed an antique champion
 56185 | WizLab   | Noticed an antique champion
 56206 | WizLab   | Killed an antique champion
 56347 | WizLab   | Killed an antique champion
 56914 | WizLab   | Identified the +1 shadow dragon scales of the Storm King
                  | {rElec rPois rF++ Stlth++++}
 58126 | Vaults:2 | Found Nichuv's General Store.
 58218 | Vaults:2 | Reached XP level 22. HP: 218/220 MP: 32/42
 58340 | Vaults:2 | Found a staircase to the Crypt.
 59885 | Vaults:3 | Noticed Mennas
 59907 | Vaults:3 | Killed Mennas
 60261 | Vaults:3 | Paralysed by a formless jellyfish for 1 turns
 60504 | Vaults:3 | Reached skill level 5 in Conjurations
 61806 | Vaults:3 | You fall into a shaft and drop 1 floor!
 61858 | Vaults:4 | Reached XP level 23. HP: 232/232 MP: 43/43
 61879 | Vaults:4 | Paralysed by a formless jellyfish for 1 turns
 62457 | Vaults:4 | Found Jitucocs's Assorted Antiques.
 63278 | Vaults:5 | Entered Level 5 of the Vaults
 63917 | Vaults:5 | Identified the +3 mace of the Undead {heavy, rF+ Str+2
                  | Stlth+}
 63917 | Vaults:5 | Identified the ring "Diosk" {EV+5 Str-2 Dex+4 SInv}
 64622 | Vaults:5 | Noticed a dread lich
 64631 | Vaults:5 | Killed a dread lich
 64632 | Vaults:5 | Identified the +6 arbalest "Qajuxoj" {drain, Str+2 Dex+6}
 64640 | Vaults:5 | HP: 1/192 [ghostly deep elf death mage/bolt of negative
                  | energy (34)]
 64641 | Vaults:5 | Identified the ring "Firuexo" {Ice Dex+3}
 64985 | Vaults:4 | Reached XP level 24. HP: 201/204 MP: 44/44
 66517 | Vaults:5 | Identified the +3 orcbow of Koolimmi {drain, rF+ rCorr
                  | Str-5 Dex+2}
 66791 | Vaults:5 | Identified the staff of Hacking and Slashing {Int+4 Conj}
 66793 | Vaults:5 | Got a silver rune of Zot
 66864 | Vaults:5 | HP: 4/197 [ghostly tengu reaver/bolt of negative energy
                  | (54)]
 67427 | Vaults:5 | Learned a level 7 spell: Manifold Assault
 67436 | Vaults:5 | Learned a level 8 spell: Disjunction
 67723 | Vaults:5 | Identified the staff of Lugonu's Castigation {rPois Conj
                  | Summ}
 68754 | Depths:1 | Entered Level 1 of the Depths
 69020 | D:15     | Upgraded the game from 0.32-a0-893-gf85d74f360 to
                  | 0.32-a0-898-g7811c86cf0
 69658 | Slime:1  | Entered Level 1 of the Pits of Slime
 70108 | Slime:4  | Paralysed by a formless jellyfish for 1 turns
 70713 | Slime:5  | Entered Level 5 of the Pits of Slime
 70724 | Slime:4  | Learned a level 3 spell: Vampiric Draining
 72891 | Depths:1 | Found Big Baal Hell's Store.
 72905 | Depths:1 | Found a gateway to Hell.
 73416 | Depths:2 | Found a one-way gate to the infinite horrors of the Abyss.
 73435 | Depths:2 | Reached XP level 25. HP: 248/254 MP: 42/45
 73436 | Depths:2 | Found a one-way gate leading to the halls of Pandemonium.
 73436 | Depths:2 | Found a one-way gateway to a ziggurat.
 74505 | Depths:2 | Noticed Asterion
 74510 | Depths:2 | Killed Asterion
 74619 | Depths:2 | Noticed a royal mummy
 74628 | Depths:2 | Killed a royal mummy
 74807 | Depths:2 | Noticed a royal mummy
 74814 | Depths:2 | Killed a royal mummy
 75073 | Depths:2 | Found the macabre finger necklace {Finger+ rN+}
 75668 | Depths:2 | Identified the +4 demon trident "Jaschu Degg" {venom, rElec
                  | rCorr}
 76920 | Depths:3 | Noticed Grunn
 76930 | Depths:3 | Killed Grunn
 78286 | Depths:3 | You fall into a shaft and drop 1 floor!
 78286 | Depths:4 | Entered Level 4 of the Depths
 78961 | Depths:4 | Found a gate to the Realm of Zot.
 80276 | Depths:3 | Reached XP level 26. HP: 260/266 MP: 42/46
 82216 | Depths:3 | Identified the +8 sling of Juptat {elec, Int+3}
 82223 | Depths:3 | Got the Cyclopedia of the Door and Bringing Forth
 82241 | Depths:3 | Identified the +2 robe "Maeter" {+Blink rElec rF+ Int-5}
 82257 | Depths:3 | Identified the staff of the Owl {^Contam rElec rPois rCorr
                  | Conj}
 82271 | Depths:3 | Identified the +2 hand axe of Pasada {vamp, rC+ Str+2}
 83988 | Slime:5  | Paralysed by a formless jellyfish for 1 turns
 84134 | Slime:5  | Gained mutation: You are frail. (-10% HP) [a shining eye]
 84281 | Slime:5  | Gained mutation: Your spells are a little easier to cast,
                  | but a little less powerful. [a shining eye]
 84782 | Slime:5  | Gained mutation: You are very frail. (-20% HP) [a shining
                  | eye]
 84908 | Slime:5  | Noticed the Royal Jelly
 85577 | Slime:5  | Killed the Royal Jelly
 85581 | Slime:5  | Gained mutation: Your magical capacity is low. (-10% MP) [a
                  | shining eye]
 86166 | Lair:1   | Lost mutation: You are very frail. (-20% HP) [potion of
                  | mutation]
 86166 | Lair:1   | Lost mutation: You are frail. (-10% HP) [potion of
                  | mutation]
 86166 | Lair:1   | Gained mutation: You are clumsy. (Dex -2) [potion of
                  | mutation]
 86167 | Lair:1   | Lost mutation: You are clumsy. (Dex -2) [potion of
                  | mutation]
 86167 | Lair:1   | Lost mutation: Your spells are a little easier to cast, but
                  | a little less powerful. [potion of mutation]
 86167 | Lair:1   | Lost mutation: Your magical capacity is low. (-10% MP)
                  | [potion of mutation]
 86167 | Lair:1   | Gained mutation: You occasionally lose the ability to drink
                  | potions when taking damage. [potion of mutation]
 86167 | Lair:1   | Gained mutation: You are weak. (Str -2) [potion of
                  | mutation]
 86167 | Lair:1   | Gained mutation: You passively map a small area around you.
                  | [potion of mutation]
 86168 | Lair:1   | Lost mutation: You are weak. (Str -2) [potion of mutation]
 86168 | Lair:1   | Lost mutation: You passively map a small area around you.
                  | [potion of mutation]
 86168 | Lair:1   | Lost mutation: You occasionally lose the ability to drink
                  | potions when taking damage. [potion of mutation]
 86168 | Lair:1   | Gained mutation: Your mind is acute. (Int +4, Str/Dex -1)
                  | [potion of mutation]
 86168 | Lair:1   | Gained mutation: You are strong-willed. (Will+) [potion of
                  | mutation]
 86439 | Slime:5  | Identified the ring of the Irksome Grape {Will+ Dex+4}
 86442 | Slime:5  | Identified the staff "Tagaom" {rF+ rN+ rCorr Int+3 Necro}
 86885 | Slime:5  | Identified the staff of Firef {rPois Will+ Alchemy}
 86894 | Slime:5  | Identified the +7 broad axe "Jiaheuja" {freeze, rN++ Str+3}
 86973 | Slime:5  | Identified the +7 glaive of the Forest {venom, rCorr}
 86982 | Slime:5  | Got the Treatise on Stony Aeromancy
 86983 | Slime:5  | Identified the +11 storm dragon scales of Untold Secrets
                  | {Fly rElec Will+ Dex+2}
 87024 | Slime:5  | Identified the +8 dagger "Rebolono" {flame, rC+ Str+2 Dex+2
                  | SInv}
 87037 | Slime:5  | Got a slimy rune of Zot
 87049 | Slime:5  | Identified the amulet of Xugroinn {Reflect rPois rCorr
                  | Str+3 SH+5}
 87561 | Elf:1    | Bought a manual of Invocations for 1600 gold pieces
 87746 | Depths:1 | Bought a scroll of acquirement for 3432 gold pieces
 87746 | Depths:1 | Acquired the +4 barding "Giurim" {Fly rPois Str+4 SInv}
 88245 | Elf:3    | Entered Level 3 of the Elven Halls
 88251 | Elf:3    | Identified the +3 robe of Conscience {rElec Regen+ Int-3
                  | Stlth+}
 88251 | Elf:3    | Noticed Boris
 88260 | Elf:3    | Killed Boris
 88444 | Elf:3    | Found Orchewosu's Jewellery Emporium.
 88543 | Elf:3    | Found Furhuv Foin's Jewellery Emporium.
 88546 | Elf:3    | Found Kaerahy's General Store.
 88696 | Elf:3    | Found Hakh's Book Shoppe.
 90388 | Elf:3    | Reached skill level 15 in Invocations
 90528 | Elf:3    | Identified the +0 ring mail of Xiamnu {Dex+3 Stlth+}
 90646 | Elf:3    | Identified the +9 plate armour of Liberalism {Regen+
                  | Slay+3}
 90669 | Elf:3    | Identified the +7 mace "Yjolu" {drain, Will+ Str+3}
 91396 | Zot:1    | Entered Level 1 of the Realm of Zot
 91547 | Zot:1    | Noticed an orb of fire
 92068 | Zot:1    | Reached XP level 27. HP: 277/277 MP: 42/46
 93604 | Zot:1    | Killed an orb of fire
 94443 | Zot:2    | Found a runed translucent door.
 94443 | Zot:2    | Noticed Jemaz's ghost (veteran MfBe)
 95045 | Zot:2    | Killed Jemaz's ghost
 95499 | Zot:2    | Learned a level 4 spell: Passage of Golubria
 95730 | Zot:3    | Noticed a dread lich
 95738 | Zot:3    | Killed a dread lich
 95767 | Zot:3    | Noticed an ancient lich
 95772 | Zot:3    | Killed an ancient lich
 98702 | Zot:4    | Identified the +11 quarterstaff of Vanity {flame, rElec
                  | rPois Will+ Str-5}
 99091 | Zot:4    | Learned a level 4 spell: Anguish
 99829 | Crypt:1  | Entered Level 1 of the Crypt
100490 | Crypt:1  | Noticed Bai Suzhen
100503 | Crypt:1  | Killed Bai Suzhen
101403 | Crypt:2  | Found a basalt altar of Yredelemnul.
101720 | Crypt:3  | Entered Level 3 of the Crypt
102196 | Crypt:3  | Found the +1 eveningstar "Brilliance" {foul flame, Umbra}
102414 | Crypt:3  | Found a staircase to the Tomb.
102491 | Crypt:3  | Identified the staff of Supply {^Fragile rElec rF- rN+++
                  | SInv Air}
102613 | Crypt:3  | Identified the +2 plate armour "Aronahy" {Harm}
102715 | Crypt:3  | Identified the ring of the Dowdy Tomato {Fly rN++ SInv
                  | Stlth+}
102718 | Crypt:3  | Identified the ring "Couzxir" {Fly rN++ AC+4}
102745 | Crypt:3  | Noticed an ancient lich
102756 | Crypt:3  | Killed an ancient lich
103006 | Crypt:3  | Reached skill level 27 in Translocations
103084 | Crypt:3  | Found an ancient bone altar of Kikubaaqudgha.
103132 | Crypt:3  | Noticed a dread lich
103137 | Crypt:3  | Killed a dread lich
104371 | Depths:2 | Voluntarily entered the Abyss.
104371 | Abyss:1  | Found a roughly hewn altar of Beogh.
104374 | Abyss:1  | Found a corrupted altar of Lugonu.
104827 | Abyss:1  | Found a corrupted altar of Lugonu.
104977 | Abyss:4  | Found a corrupted altar of Lugonu.
104993 | Abyss:4  | Lost mutation: Your mind is acute. (Int +4, Str/Dex -1) [a
                  | neqoxec]
105000 | Abyss:4  | Noticed a dread lich
105012 | Abyss:4  | Paralysed by accursed screaming for 1 turns
105013 | Abyss:4  | Got an abyssal rune of Zot
105015 | Abyss:4  | Paralysed by accursed screaming for 1 turns
105023 | Depths:2 | Escaped the Abyss
105297 | Depths:2 | Voluntarily entered the Abyss.
105330 | Abyss:4  | Found a corrupted altar of Lugonu.
105476 | Abyss:4  | Killed a dread lich
105527 | Depths:2 | Escaped the Abyss
105782 | Hell     | Entered the Vestibule of Hell
105782 | Hell     | Noticed Geryon
105795 | Hell     | Killed Geryon
105826 | Hell     | Found a gateway to the ashen valley of Gehenna.
106453 | Hell     | Found a gateway to the Iron City of Dis.
106622 | Hell     | Found a gateway to the freezing wastes of Cocytus.
106741 | Hell     | Found a gateway to the decaying netherworld of Tartarus.
107431 | Tar:1    | Entered Level 1 of Tartarus
108515 | Tar:4    | Noticed a dread lich
108522 | Tar:4    | Killed a dread lich
108755 | Tar:5    | HP: 12/286 [putrid mouth (7)]
109375 | Temple   | Entered the Ecumenical Temple
110956 | Tar:7    | Entered Level 7 of Tartarus
112288 | Tar:7    | Noticed Ereshkigal
112458 | Tar:7    | Reached skill level 10 in Necromancy
112910 | Tar:7    | Learned a level 5 spell: Summon Forest
113100 | Tar:7    | Learned a level 6 spell: Death Channel
116296 | Tar:7    | Found the +7 captain's cutlass {speed, disarm}
116297 | Tar:7    | Identified the ring "Teoptesch" {Will+ Int+6 Dex+4}
116300 | Tar:7    | Got Has Ozupudgh's Path to the Hermit's Heritage
116301 | Tar:7    | Identified the +5 triple sword of the Boiling Point {holy,
                  | rPois Int+4}
117143 | Tar:7    | Identified the +12 rapier "Demonslayer" {flame, Stlth+}
117156 | Tar:7    | Killed Ereshkigal
117438 | Tar:7    | Got a bone rune of Zot
117439 | Tar:7    | Identified the +6 trident "Qiggumn" {freeze, Int+4}
117440 | Tar:7    | Identified the amulet of Neaphol {Spirit Dex+8}
117443 | Tar:7    | Identified the +1 dagger of the Seven Heavens {freeze, rC+
                  | Will+ SInv Stlth+}
118861 | Dis:1    | Entered Level 1 of the Iron City of Dis
120982 | Dis:5    | Learned a level 4 spell: Martyr's Knell
121599 | Dis:7    | Entered Level 7 of the Iron City of Dis
121753 | Dis:7    | Noticed a dread lich
121759 | Dis:7    | Killed a dread lich
122003 | Dis:7    | Noticed a dread lich
122004 | Dis:7    | Reached skill level 1 in Summonings
122008 | Dis:7    | Killed a dread lich
122434 | Dis:7    | Reached skill level 27 in Fighting
122577 | Dis:7    | Noticed a juggernaut
122594 | Dis:7    | Killed a juggernaut
122809 | Dis:7    | Reached skill level 5 in Summonings
122984 | Dis:7    | Noticed a juggernaut
122993 | Dis:7    | Killed a juggernaut
123007 | Dis:7    | Got The Forbidden Truths, Volume One
124068 | Dis:7    | Noticed a juggernaut
124587 | Dis:7    | Killed a juggernaut
124774 | Dis:7    | Identified the ring "Toguo" {rPois rC+ Dex+3}
124774 | Dis:7    | Noticed Dispater
124796 | Dis:7    | Killed Dispater
124840 | Dis:7    | Identified the +2 hand axe of Might {flame, rN+ Str+9
                  | Int-4}
124893 | Dis:7    | Got an iron rune of Zot
125451 | Lair:1   | Learned a level 7 spell: Malign Gateway
126152 | Coc:1    | Entered Level 1 of Cocytus
126438 | Coc:2    | Noticed an ancient lich
126444 | Coc:2    | Paralysed by a wendigo for 1 turns
126446 | Coc:2    | Killed an ancient lich
126710 | Coc:3    | HP: 14/298 [harpy simulacrum (3)]
127820 | Coc:5    | Paralysed by a wendigo for 1 turns
128061 | Coc:6    | Reached skill level 10 in Summonings
128268 | Coc:7    | Entered Level 7 of Cocytus
128433 | Coc:7    | Paralysed by a wendigo for 1 turns
128470 | Coc:7    | Paralysed by a wendigo for 1 turns
128527 | Coc:7    | Reached skill level 27 in Spellcasting
129258 | Coc:7    | Paralysed by a wendigo for 1 turns
129368 | Coc:7    | Reached skill level 27 in Axes
129373 | Coc:7    | Got the Elucidation of Execration
129378 | Coc:7    | Identified the +8 shortbow "Killer Klown's Death" {speed,
                  | Str+2}
129751 | Coc:7    | Noticed Antaeus
129773 | Coc:7    | Killed Antaeus
129842 | Coc:7    | Paralysed by a wendigo for 1 turns
129877 | Coc:7    | Got an icy rune of Zot
130424 | Lair:1   | Learned a level 8 spell: Borgnjor's Revivification
130699 | Geh:1    | Entered Level 1 of Gehenna
130706 | Geh:1    | Noticed an ancient lich
130716 | Geh:1    | Killed an ancient lich
130717 | Geh:1    | Reached skill level 15 in Necromancy
131447 | Geh:4    | Noticed a juggernaut
131458 | Geh:4    | Killed a juggernaut
131459 | Geh:4    | Noticed a juggernaut
131473 | Geh:4    | Killed a juggernaut
131476 | Geh:4    | Noticed a juggernaut
131482 | Geh:4    | Killed a juggernaut
131483 | Geh:4    | Noticed a juggernaut
131493 | Geh:4    | Killed a juggernaut
131496 | Geh:4    | Noticed a juggernaut
131502 | Geh:4    | Killed a juggernaut
131507 | Geh:4    | Noticed a juggernaut
131508 | Geh:4    | Noticed a juggernaut
131508 | Geh:4    | Killed a juggernaut
131508 | Geh:4    | Noticed a juggernaut
131512 | Geh:4    | Killed a juggernaut
131513 | Geh:4    | Killed a juggernaut
132254 | Geh:7    | Entered Level 7 of Gehenna
132310 | Geh:7    | Noticed the Serpent of Hell
132330 | Geh:7    | HP: 6/281 [the Serpent of Hell (12)]
132330 | Geh:7    | Slain by the Serpent of Hell

Illustrated notes

Levels and vault maps discovered:
D:1:      hellmonk_arrival_library, layout_basic
D:2:      layout_basic, minivault_11, minmay_tromino_i4, uniq_terence,
          uniq_natasha
D:3:      layout_basic, mainiacjoe_overflow_brackets, trog_three_pillars_becter,
          gammafunk_ghost_arena
D:4:      gammafunk_steamed_eel, layout_gridville
D:5:      layout_layer_cave, nicolae_overflow_two_pavilions, marbit_many_paths,
          corner_web_ring, minmay_misc_feat_five, st_stairs_4,
          corexii_corridor_pit, corexii_item_surrounded_by_moat,
          nicolae_twisty_statue_hallways
D:6:      kennysheep_six_static_rooms, layout_cave_pools,
          fedhas_altar_decomposition, nicolae_uskayaw_suspiria,
          lemuel_tele_altar, minmay_temple_entry_wispy, uniq_prince_ribbit1,
          uniq_sigmund, uniq_jeremiah
D:7:      layout_basic, minmay_fountain_box, hangedman_decor_peaks_small,
          chequers_jeans, uniq_pikel, uniq_maggie
D:8:      layout_basic, grunt_temple_overflow_lords_of_destruction,
          nicolae_wu_jian_immortal_techniques, erik_lair_dragon, uniq_joseph
D:9:      layout_loops_cross, kennysheep_generic_room_12
D:10:     layout_grid_maze, ashenzari_altar_1, kiku_gazebo_pond_becter,
          uniq_urug
D:11:     layout_irregular_city, minmay_orc_entry_temple_small,
          nooodl_orcs_dogs, uniq_maurice, uniq_sonja
D:12:     layout_basic, gauntlet_entry_generic, tso_altar, uniq_fannar
D:13:     layout_basic, david_vaults_2
D:14:     layout_rooms, lemuel_doored_altar
D:15:     grunt_enter_depths_magical_seal, layout_basic,
          nicolae_concentric_dashed_squares_mild, nicolae_shop_clearance,
          uniq_roxanne
Temple:   kb_temple_of_zot
Lair:1:   layout_chaotic_city, beast_lair_carwin_10, grunt_megastairs_4,
          serial_bayou_shore_b, uniq_erica, uniq_gastronok
Lair:2:   layout_cave_pods, skrybe_swamp_entry_bodies,
          kennysheep_abandoned_house
Lair:3:   layout_long_grid, dummy_spider_entry
Lair:4:   layout_long_grid, gammafunk_ghost_ooze, hellmonk_talismancer,
          grunt_megastairs_3, uniq_josephine
Lair:5:   minmay_lair_end_frog_pond, layout_layer_cave, slime_entry_1,
          hellmonk_guarded_unrand_vines
Swamp:1:  layout_falls_marsh, nicolae_swamp_rocky_clearing
Swamp:2:  layout_basic_swamp, infiniplex_staircase_pool, uniq_louise
Swamp:3:  layout_basic_swamp, evilmike_swamp_ruin_house_4,
          statue_in_the_mist_lemuel, swamp_pool_4, worms_lemuel
Swamp:4:  swamp_basic_johnstein, layout_basic_swamp, nicolae_swamp_small_spring
Spider:1: layout_spider_delve, hellmonk_test_site, uniq_agnes, uniq_nikola,
          uniq_rupert
Spider:2: nicolae_spider_hilbert_zone_5 [nicolae_spider_hilbert_3_sides_1_open,
          nicolae_spider_hilbert_4_sides_1_open,
          nicolae_spider_hilbert_4_sides_1_open,
          nicolae_spider_hilbert_6_sides_1_open,
          nicolae_spider_hilbert_6_sides_1_open]
Spider:3: layout_chambers, portal_ice_cave_entry_ice_simulacra,
          ebering_ghost_rock_garden
Spider:4: spider_rune_water, ebering_ghost_rock_garden, uniq_arachne
Slime:1:  cheibrodos_slime_lost_civilization_9, layout_caves
Slime:2:  layout_caves, cheibrodos_slime_lost_civilization_4
Slime:3:  layout_caves
Slime:4:  layout_caves
Slime:5:  slime_pit_nicolae_trefoil
Orc:1:    layout_diamond_mine
Orc:2:    st_orc_open, layout_caves, uniq_nessos
Elf:1:    nicolae_elf_arrival_dilemma, layout_geoelf_grid, minmay_elf_sorcery,
          nrook_loot_triangle, nicolae_shop_self_help, uniq_jorgrun
Elf:2:    nicolae_elf_blades_crystal_corner, layout_onion_city,
          portal_desolation_entry_garden, basic_altar, hangedman_elf_disciples
Elf:3:    minmay_elf_hall_dome, layout_rooms, serial_shops,
          nicolae_shop_tiny_statue_garden,
          nicolae_elf_vaults_five_recruitment_drive, minmay_shop_star,
          uniq_boris
Vaults:1: nicolae_vaults_lightning_bolt, grunt_vaults_focal,
          vaults_room_semicircle, nicolae_vaults_tetromino_L_1,
          nicolae_vaults_storage_closets_2, nicolae_vaults_apartment_1,
          layout_vaults_omnigrid
Vaults:2: mu_enter_wizlab_4, nicolae_vaults_corridor_and_loot_room,
          nicolae_vaults_alarming, v_misc_1, nicolae_vaults_shrinking_rooms_1,
          nicolae_vaults_trapezoid_1, minmay_crypt_entry_simple_plaza,
          v_rooms_1, nicolae_vaults_network_quinsquares
          [nicolae_vaults_network_quincunx_subvault,
          nicolae_vaults_network_quincunx_subvault,
          nicolae_vaults_network_quincunx_subvault,
          nicolae_vaults_network_quincunx_subvault], grunt_vaults_swirl,
          vaults_room_door_ring, nicolae_vaults_double_plus_1, serial_ice_b,
          vaults_room_hallway, nicolae_vaults_trapezoid_lopsided_1,
          layout_vaults_omnibox, serial_shops, shop
Vaults:3: ontoclasm_vaults_pinch, nicolae_vaults_double_plus_3,
          nicolae_vaults_house_2, nicolae_vaults_closet_pinwheel_5,
          vaults_room_pool, nicolae_vaults_tetromino_L_2, v_misc_23,
          nicolae_vaults_inception_scallops, nicolae_vaults_big_angled_halls,
          hangedman_vaults_locks, nicolae_vaults_six-pack,
          nicolae_vaults_apartment_1, nicolae_vaults_little_squares_4,
          nicolae_vaults_trapezoid_2, vaults_dpeg_encased_lava,
          nicolae_vaults_tetromino_T_2, layout_vaults_maze_snakey, uniq_mennas
Vaults:4: hangedman_vaults_stagger, nicolae_vaults_asterisk,
          nicolae_vaults_wine_cellar, nicolae_vaults_minivaults,
          vaults_mumra_lcd, nicolae_vaults_rhombus_6, vaults_room_fancy_cross,
          nicolae_vaults_diamond_1, vaults_room_semicircle,
          layout_vaults_chaotic_city, serial_shops, nicolae_shop_peninsula
Vaults:5
Crypt:1:  layout_catacombs, nicolae_crypt_ex-fountain, uniq_bai_suzhen
Crypt:2:  layout_rooms, lemuel_mausoleum_altar_yredelemnul
Crypt:3:  quadcrypt_mu
Depths:1: layout_forbidden_donut, nicolae_hell_entry_big_baal_hell, drop_trap,
          minmay_misc_feat_plants, serial_bayou_pond_c, lemuel_flame_loot_1
Depths:2: ragdoll_tomb_raider, layout_basic, enter_ziggurat_d, abyss_entry,
          minmay_hedge_maze, hellmouth_1, pan_entry, firewood_loft,
          uniq_asterion
Depths:3: gold_lair_mu, layout_cave_pools, hell_entry,
          regret_index_abyss_entry_earlier_magic, grunt_pan_entry_sceptre,
          chequers_serial_rivers_small_b, infiniplex_staircase_hallway_doors,
          uniq_grunn
Depths:4: grunt_crosshair, layout_cave_pools, abyss_entry,
          pf_vacation_house_of_asmodeus, kennysheep_doodads
Hell
Dis:1:    layout_jigsaw
Dis:2:    nicolae_dis_hell_towers
Dis:3:    layout_jigsaw, nicolae_dis_big_boring_drill
Dis:4:    layout_overlapping_boxes
Dis:5:    layout_gridville
Dis:6:    layout_subdivisions, nicolae_hells_seeping_fissure
Dis:7:    dis_hangedman
Geh:1:    layout_gehenna_pools_basic, lemuel_old_faithful
Geh:2:    layout_gehenna_pools_triple
Geh:3:    layout_gehenna_lava_caves
Geh:4:    nicolae_hells_titanomachy
Geh:5:    layout_gehenna_lava_caves
Geh:6:    layout_gehenna_pools_box
Geh:7:    geh_grunt_pentagon
Coc:1:    layout_ice_bergs
Coc:2:    layout_cocytus_water_paths
Coc:3:    layout_cocytus_water_paths
Coc:4:    layout_cocytus_delve
Coc:5:    layout_cocytus_delve
Coc:6:    layout_cocytus_delve
Coc:7:    coc_dpeg
Tar:1:    layout_cathedral_of_symmetry, nicolae_hells_seeping_fissure
Tar:2:    layout_cathedral_of_symmetry
Tar:3:    layout_grid_maze
Tar:4:    layout_cathedral_of_symmetry
Tar:5:    layout_grid_maze
Tar:6:    nicolae_tar_fifth_circle, layout_cathedral_of_symmetry,
          nicolae_tar_cuneiform_three, nicolae_tar_cuneiform_bird
Tar:7:    tar_minmay_river
Zot:1:    grunt_deathspiral_small, layout_onion_interference,
          regret_index_zotdec_glowing_original, skrybe_zot_glass_3,
          uniq_josephina
Zot:2:    layout_onion_interference, hellmonk_ghost_happy_afterlife,
          st_single_dragon_hoard_4
Zot:3:    hellmonk_crystal_mountain, layout_basic, st_small_dragon_hoard_1,
          st_stairs_10
Zot:4:    kennysheep_bubbly, layout_gridlike,
          regret_index_zotdec_barnacled_simple

Skill      XL: |  1  2  3  4  5  6  7  8  9 10 11 12 13 14 15 16 17 18 19 20 21 22 23 24 25 26 27 |
---------------+----------------------------------------------------------------------------------+-----
Axes           | 3 4 5 7 8 11 12 14 15 17 18 27 | 27.0
Translocations | 4 5 6 7 8 9 10 11 12 13 14 15 16 17 18 19 20 22 23 24 25 27 | 27.0
Fighting       | 3 4 6 7 8 9 10 12 13 14 15 16 17 18 19 20 21 22 27 | 27.0
Spellcasting   | 3 4 5 6 7 8 10 12 13 14 16 17 18 19 27 | 27.0
Dodging        | 2 3 4 5 |  5.0
Invocations    | 3 5 7 9 10 12 15 20 | 20.0
Air Magic      | 2 |  2.0
Shields        | 3 6 8 10 | 10.0
Necromancy     | 4 5 6 8 9 17 | 17.7
Armour         | 4 |  4.1
Conjurations   | 2 5 |  5.0
Summonings     | 10 | 10.0
Throwing       | |  0.8

Action                     |  1- 3 |  4- 6 |  7- 9 | 10-12 | 13-15 | 16-18 | 19-21 | 22-24 | 25-27 || total
---------------------------+-------+-------+-------+-------+-------+-------+-------+-------+-------++-------
  Melee: Hand axe          |    93 |   109 |       |       |       |       |       |       |       ||   202
         Whip              |       |    32 |   191 |       |       |       |       |       |       ||   223
         Trident           |       |       |    28 |   136 |    98 |   161 |       |       |       ||   423
         Broad axe         |       |       |    18 |   313 |   511 |   633 |   540 |   883 |  4831 ||  7729
         Constrict         |       |       |       |       |   152 |   200 |   151 |   182 |   708 ||  1393
         Halberd           |       |       |       |       |       |    70 |       |       |       ||    70
  Throw: Dart              |       |       |       |       |     1 |       |       |       |       ||     1
   Cast: Teleport Other    |       |     1 |     4 |    14 |     2 |       |       |     1 |     3 ||    25
         Maxwell's Portabl |       |       |    16 |    19 |    27 |    29 |    10 |    12 |    29 ||   142
         Blink             |       |       |     4 |     4 |     5 |     2 |       |       |     1 ||    16
         Vhi's Electric Ch |       |       |       |    13 |    57 |    90 |    76 |   116 |   512 ||   864
         Lesser Beckoning  |       |       |       |       |     6 |       |       |    17 |    29 ||    52
         Gell's Gavotte    |       |       |       |       |       |    25 |    23 |    19 |   111 ||   178
         Dispersal         |       |       |       |       |       |    12 |     1 |     4 |     8 ||    25
         Fugue of the Fall |       |       |       |       |       |       |     7 |    12 |    47 ||    66
         Manifold Assault  |       |       |       |       |       |       |       |    13 |   130 ||   143
         Vampiric Draining |       |       |       |       |       |       |       |       |     4 ||     4
         Disjunction       |       |       |       |       |       |       |       |       |     6 ||     6
         Summon Forest     |       |       |       |       |       |       |       |       |    78 ||    78
         Martyr's Knell    |       |       |       |       |       |       |       |       |    71 ||    71
         Death Channel     |       |       |       |       |       |       |       |       |    16 ||    16
         Passage of Golubr |       |       |       |       |       |       |       |       |    12 ||    12
         Malign Gateway    |       |       |       |       |       |       |       |       |     4 ||     4
         Anguish           |       |       |       |       |       |       |       |       |     1 ||     1
 Invoke: Slouch            |       |       |       |     1 |     7 |    10 |     5 |     6 |    14 ||    43
         Bend Time         |       |       |       |       |       |     1 |       |     1 |     7 ||     9
         Step From Time    |       |       |       |       |       |       |       |     1 |     9 ||    10
         Temporal Distorti |       |       |       |       |       |       |       |       |     2 ||     2
Ability: Spit Poison       |    13 |    34 |    46 |    26 |     6 |     1 |     4 |     1 |     1 ||   132
  Evoke: Wand              |       |     9 |    16 |     7 |     7 |       |     6 |       |     6 ||    51
         Phial of floods   |       |       |       |       |       |       |       |     1 |       ||     1
    Use: Scroll            |       |     9 |     8 |    18 |     7 |    14 |     4 |     7 |    33 ||   100
         Potion            |       |     1 |     1 |     5 |     3 |     4 |     1 |     5 |    34 ||    54
   Stab: Distracted        |       |       |       |     3 |     1 |     3 |    16 |    33 |    81 ||   137
         Sleeping          |       |       |       |     1 |     1 |     6 |     4 |     1 |     2 ||    15
 Armour: Leather armour    |    32 |       |       |       |       |       |       |       |       ||    32
         Ring mail         |    47 |   145 |   161 |       |       |       |       |       |       ||   353
         Skin              |       |       |    28 |    52 |    39 |       |       |       |       ||   119
         Acid dragon scale |       |       |    18 |   394 |   544 |  1436 |   274 |   418 |       ||  3084
         Shadow dragon sca |       |       |       |       |       |       |       |    91 |   313 ||   404
         Storm dragon scal |       |       |       |       |       |       |       |       |  2643 ||  2643
  Dodge: Dodged            |    67 |    92 |   176 |   439 |   639 |   515 |    65 |   151 |  1117 ||  3261
  Block: Tower shield      |       |       |       |       |       |   714 |   538 |   960 |  4127 ||  6339
         Other             |       |       |       |       |       |    23 |       |       |       ||    23
         Reflection        |       |       |       |       |       |     1 |    46 |    93 |       ||   140

Table legend: (Time is in decaauts)
 A = Elapsed time spent in this place.
 B = Non-inter-level travel time spent in this place.
 C = Inter-level travel time spent in this place.
 D = Time resting spent in this place.
 E = Time spent auto-exploring this place.
 F = Levels seen in this place.
 G = Mean time per level.
                   A        B        C        D        E       F      G
               +--------+--------+--------+--------+--------+-----+--------+
         Total | 242134 | 188978 |  53156 |  38676 | 101420 |  93 | 2603.6 |
       Dungeon |  57891 |  29107 |  28784 |   2646 |  22534 |  15 | 3859.4 |
        Temple |      1 |      1 |      0 |      0 |      0 |   1 |    1.0 |
          Lair |  23669 |  16936 |   6733 |   2971 |  10079 |   5 | 4733.8 |
         Swamp |  11649 |  10838 |    811 |   4367 |   4761 |   4 | 2912.2 |
   Spider Nest |  15823 |  13344 |   2479 |   2288 |   8400 |   4 | 3955.8 |
    Slime Pits |   9842 |   8573 |   1269 |   2009 |   3163 |   5 | 1968.4 |
  Orcish Mines |   3570 |   2598 |    972 |    171 |   1933 |   2 | 1785.0 |
   Elven Halls |  10065 |   9206 |    859 |   1995 |   3538 |   3 | 3355.0 |
        Vaults |  20821 |  18211 |   2610 |   2675 |  11990 |   5 | 4164.2 |
         Crypt |   8023 |   7749 |    274 |     46 |   4911 |   3 | 2674.3 |
        Depths |  19682 |  15397 |   4285 |   4656 |   8046 |   4 | 4920.5 |
          Hell |   2608 |   1760 |    848 |    304 |    977 |   1 | 2608.0 |
           Dis |   9418 |   8968 |    450 |   3073 |   2545 |   7 | 1345.4 |
       Gehenna |   3524 |   3274 |    250 |    135 |   2335 |   7 |  503.4 |
       Cocytus |   6429 |   6215 |    214 |   1711 |   2502 |   7 |  918.4 |
      Tartarus |  15882 |  14931 |    951 |   5729 |   2958 |   7 | 2268.9 |
           Zot |  12877 |  11517 |   1360 |   2053 |   7112 |   4 | 3219.2 |
         Abyss |   1581 |   1581 |      0 |     38 |    704 |   5 |  316.2 |
      Ice Cave |   1577 |   1577 |      0 |    313 |    825 |   1 | 1577.0 |
        Wizlab |   2411 |   2411 |      0 |   1207 |    236 |   1 | 2411.0 |
    Desolation |   2525 |   2525 |      0 |    183 |   1040 |   1 | 2525.0 |
      Gauntlet |   2255 |   2255 |      0 |    100 |    823 |   1 | 2255.0 |
               +--------+--------+--------+--------+--------+-----+--------+

Top non-repeatable levels by time:
   Tar:7: 10794 daAuts
    D:10: 10747 daAuts
     D:8: 10072 daAuts
    D:15: 7170 daAuts
Depths:2: 6587 daAuts
    D:13: 5984 daAuts
  Lair:5: 5625 daAuts
   Dis:7: 5461 daAuts
Depths:1: 5445 daAuts
 Swamp:3: 5425 daAuts
  Lair:1: 5247 daAuts
Spider:1: 5199 daAuts
  Lair:2: 5189 daAuts
Depths:3: 4798 daAuts
Vaults:4: 4793 daAuts
